 Dungeon Crawl Stone Soup version 0.31.0-11-ge490571c62 (webtiles) character file.

Game seed: 1117439003273373730

8752 firemarshallily the Fighter (level 11, -3/76 HPs)
             Began as a Gargoyle Fighter on Feb 9, 2024.
             Was an Elder of the Shining One.
             Killed from afar by an ancient lich (47 damage)
             ... with a bolt of acid
             ... on level 2 of the Abyss.
             The game lasted 00:36:54 (8888 turns).

firemarshallily the Fighter (Gargoyle Fighter)      Turns: 8888, Time: 00:36:55

Health: -3/76      AC: 20    Str: 30 (31) XL:     11   Next: 35%
Magic:  11/11      EV: 15    Int:  7 (8)  God:    the Shining One [****..]
Gold:   365        SH:  6    Dex:  9      Spells: 10/10 levels left

rFire   + . .        a - +0 flail
rCold   + + .        c - +1 buckler
rNeg    + + +        b - +2 ring mail of Kycoupel {rC+ Will+}
rPois   ∞            f - +2 helmet
rElec   +            g - scarf {rC+ rF+}
rCorr   .            (no gloves)
SInv    +            (no boots)
Will    +....        D - amulet of regeneration Stlth
                     u - ring "Xilin" {rElec Str+6 Slay+2 SInv}
HPRegen 1.12/turn    t - +5 ring of evasion
MPRegen 0.12/turn

%: no passive effects
@: glowing
A: sickness immunity, AC +8, negative energy resistance 1, electricity
resistance, torment resistance 1, petrification resistance, [deterioration 2]
a: Renounce Religion, Divine Shield, Cleansing Flame


You were on level 2 of the Abyss.
You worshipped the Shining One.
The Shining One was greatly pleased with you.
You visited 2 branches of the dungeon, and saw 11 of its levels.
You visited the Abyss 1 time.

You collected 511 gold pieces.
You spent 146 gold pieces at shops.

Inventory:

Hand Weapons
 a - a +0 flail (weapon)
 G - a +2 mace
Missiles
 e - 5 atropa-tipped darts
 v - a throwing net
 x - 8 poisoned darts (quivered)
Armour
 b - the +2 ring mail of Kycoupel (worn) {rC+ Will+}
   (You found it on level 3 of the Dungeon)

   rC+:       It protects you from cold.
   Will+:     It increases your willpower.
 c - a +1 buckler (worn)
 d - a +3 scale mail of willpower
 f - a +2 helmet (worn)
 g - a scarf of resistance (worn)
 E - a +0 cloak
 N - +0 steam dragon scales
Jewellery
 h - a +6 ring of intelligence
 t - a +5 ring of evasion (right hand)
 u - the ring "Xilin" (left hand) {rElec Str+6 Slay+2 SInv}
   (You acquired it on level 5 of the Dungeon)

   [ring of see invisible]

   Str+6:     It affects your strength (+6).
   Slay+2:    It affects your accuracy & damage with ranged weapons and melee
   (+2).
   rElec:     It insulates you from electricity.
   SInv:      It lets you see invisible.
 w - a ring of protection from fire
 D - an amulet of regeneration (around neck)
 M - the ring "Alozam" {rPois rN+ MP+9 Int-5}
   (You found it on level 8 of the Dungeon)

   [ring of magical power]

   Int-5:     It affects your intelligence (-5).
   rPois:     It protects you from poison rN+: It protects you from negative
   energy.
   MP+9:      It affects your magic capacity (+9).
Wands
 m - a wand of charming (5)
 B - a wand of polymorph (1)
 I - a wand of mindburst (3)
 K - a wand of acid (5)
 L - a wand of flame (20)
Scrolls
 o - a scroll of butterflies
 p - 2 scrolls of poison
 q - 4 scrolls of enchant weapon
 r - 3 scrolls of amnesia
 y - 2 scrolls of fog
 C - a scroll of vulnerability {unknown}
 J - a scroll of fear {unknown}
 O - 2 scrolls of immolation {unknown}
Potions
 i - 3 potions of attraction
 l - a potion of curing
 F - a potion of enlightenment
 H - 2 potions of mutation


   Skills:
 * Level 12.2 Fighting
 * Level 11.0 Maces & Flails
 + Level 8.9 Armour
 - Level 5.5 Shields


You had 10 spell levels left.
You didn't know any spells.
Your spell library contained the following spells:

 Spells                   Type           Power      Damage    Failure   Level
 Apportation              Tloc           0%         N/A       58%         1
 Necrotise                Necr           0%         1d4       58%         1
 Sandblast                Erth           0%         2d4       58%         1
 Slow                     Hex            0%         N/A       58%         1
 Sting                    Conj/Alch      0%         1d3       58%         1
 Summon Small Mammal      Summ           0%         N/A       58%         1
 Jinxbite                 Hex            0%         N/A       73%         2
 Mercury Vapours          Alch/Air       0%         N/A       73%         2
 Call Canine Familiar     Summ           0%         N/A       91%         3
 Confusing Touch          Hex            0%         N/A       91%         3
 Dazzling Flash           Conj/Hex       0%         N/A       91%         3
 Mephitic Cloud           Conj/Alch/Air  0%         N/A       91%         3
 Passwall                 Erth           0%         N/A       91%         3
 Sigil of Binding         Hex            0%         N/A       91%         3
 Stone Arrow              Conj/Erth      0%         3d7       91%         3
 Tukima's Dance           Hex            0%         N/A       91%         3
 Vampiric Draining        Necr           0%         2d6       91%         3
 Anguish                  Hex/Necr       0%         N/A       100%        4
 Animate Armour           Summ/Erth      0%         N/A       100%        4
 Brom's Barrelling Bould  Conj/Erth      0%         2d3       100%        4
 Cause Fear               Hex            0%         N/A       100%        4
 Olgreb's Toxic Radiance  Alch           0%         N/A       100%        4
 Passage of Golubria      Tloc           0%         N/A       100%        4
 Summon Blazeheart Golem  Fire/Summ      0%         N/A       100%        4
 Alistair's Intoxication  Alch           0%         N/A       100%        5
 Curse of Agony           Necr           0%         N/A       100%        5
 Silence                  Hex/Air        0%         N/A       100%        5
 Yara's Violent Unravell  Hex/Alch       0%         3d3       100%        5
 Enfeeble                 Hex            0%         N/A       100%        7
 Lehudib's Crystal Spear  Conj/Erth      0%         10d2      100%        8


Dungeon Overview and Level Annotations

Branches:
Dungeon (10/15)            Temple (1/1) D:4            Lair (0/5) D:9
    Orc (0/2) D:9

Altars:
Ashenzari
Cheibriados
Dithmenos
Elyvilon
Fedhas
Gozag
Hepliaklqana
Kikubaaqudgha
Makhleb
Nemelex Xobeh
Okawaru
Qazlal
Ru
Sif Muna
Trog
Uskayaw
Vehumet
Wu Jian
Xom
Yredelemnul
Zin
The Shining One

Shops:
D:8 ([*[   D:9 *

Annotations:
D:10 Sonja


Innate Abilities, Weirdness & Mutations

You are immune to sickness and miasma.
Your stone body is resilient. (AC +8)
You are immune to poison.
You resist negative energy. (rN+)
You are resistant to electric shocks. (rElec)
You are resistant to unholy torment.
You are immune to petrification.
[Your body often deteriorates upon taking damage.]


Message History

The Shining One accepts your kill.
You feel better. The yak completely misses you.
The thrashing horror misses you.
The thrashing horror tramples you but does no damage.
You thump the thrashing horror!
The thrashing horror is lightly damaged.
You block the thrashing horror's attack.
The thrashing horror tramples you but does no damage.
A thrashing horror comes into view.
The yak gores you.
The small abomination closely misses you.
As you read the scroll labelled KISUSU GEGHEU, it crumbles to dust.
Your body is wracked with pain!
Your body deteriorates!
You feel weakened.
The yak convulses!
The Shining One forgives your inadvertent evil act, just this once.
It was a scroll of torment.
The thrashing horror roars!
The thrashing horror closely misses you. x2
You block the yak's attack.
You block the small abomination's attack.
Okay, then.
Blink to where?
Press: ? - help, Dir - move target
As you read the scroll labelled SUWUMO ON XEB, it crumbles to dust.
It was a scroll of blinking.
The ancient lich shouts!
The thrashing horror completely misses you.
The thrashing horror closely misses you.
The ancient lich mumbles some strange words.
The ancient lich seems to speed up.
The thrashing horror attacks as it pursues you!
The thrashing horror tramples you but does no damage.
The thrashing horror tramples you!
You stumble backwards!
The thrashing horror barely misses you.
The thrashing horror tramples you but does no damage.
The ancient lich gestures at you while chanting.
The bolt of acid hits you!!!
Ouch! That really hurt!
You die...

# ##. #. ... #.
#.# #.##.#
#####....# #
#......#@####.##
#.......X....._.
#...............
#....L..........
#...............
#............##.
#...#X.......# #
#......x....... .#
#......#.........#


You could see an ancient lich (fast), 2 thrashing horrors and a small
abomination.

Vanquished Creatures
  A two-headed ogre (D:9)
  Pikel (D:8)
  A gargoyle (D:10)
  Maggie (D:8)
  An unseen horror (Abyss:2)
  A kobold demonologist (D:10)
  A troll (D:10)
  2 wraiths
  A ynoxinul (Abyss:2)
  Sigmund (D:3)
  A vampire (D:10)
  3 wyverns
  3 yaks (D:9)
  Eustachio (D:5)
  Grum (D:8)
  Menkaure (D:7)
  A black bear (D:5)
  An ice beast (D:7)
  4 sky beasts
  An orc warrior (D:7)
  4 small abominations (Abyss:2)
  An ogre (D:5)
  3 wolves
  2 centaurs
  A lemure (D:8)
  2 bullfrogs (D:7)
  3 kobold brigands
  A gnoll sergeant (D:10)
  3 scorpions
  19 wights
  6 killer bees (D:7)
  4 jellies
  4 howler monkeys
  3 electric eels (D:8)
  A bombardier beetle (D:7)
  2 hounds
  3 orc priests
  A sleepcap (D:6)
  A gnoll bouda (D:7)
  Terence (D:3)
  2 iguanas
  An orc wizard (D:6)
  Robin (D:3)
  9 gnolls
  7 adders
  2 white imps
  3 dart slugs
  A ribbon worm (D:3)
  15 orcs
  4 bats
  7 endoplasms
  5 giant cockroaches
  15 goblins
  10 hobgoblins
  11 jackals
  4 quokkas
  10 ball pythons
  3 frilled lizards
  21 kobolds
  10 rats
234 creatures vanquished.

Notes
Turn   | Place    | Note
-------+----------+-------------------------------------------
     0 | D:1      | firemarshallily the Gargoyle Fighter began the quest for
                  | the Orb.
     0 | D:1      | Reached XP level 1. HP: 14/14 MP: 1/1
    72 | D:1      | Reached XP level 2. HP: 12/19 MP: 2/2
   218 | D:1      | Reached XP level 3. HP: 14/24 MP: 3/3
   767 | D:2      | Reached skill level 4 in Fighting
  1041 | D:2      | Reached XP level 4. HP: 29/29 MP: 4/4
  1165 | D:3      | Noticed Terence
  1178 | D:3      | Killed Terence
  1225 | D:3      | Found a glowing golden altar of the Shining One.
  1297 | D:3      | Identified the +2 ring mail of Kycoupel {rC+ Will+}
  1548 | D:3      | Found a faded altar of an unknown god.
  1553 | D:3      | Noticed Robin
  1587 | D:3      | Reached XP level 5. HP: 27/34 MP: 5/5
  1595 | D:3      | Killed Robin
  1808 | D:3      | Noticed Sigmund
  1839 | D:3      | Killed Sigmund
  1840 | D:3      | Reached skill level 5 in Fighting
  1840 | D:3      | Reached XP level 6. HP: 27/40 MP: 6/6
  2470 | D:3      | Found a shimmering altar of Xom.
  2560 | D:3      | Became a worshipper of the Shining One
  2623 | D:4      | Found a staircase to the Ecumenical Temple.
  2637 | Temple   | Entered the Ecumenical Temple
  2731 | D:4      | Found an iron altar of Okawaru.
  2763 | D:4      | Found a shimmering blue altar of Sif Muna.
  3049 | D:4      | Identified the +9 arbalest "Oply" {flame, rC+}
  3135 | D:4      | Noticed a sky beast
  3145 | D:4      | Killed a sky beast
  3146 | D:4      | Reached XP level 7. HP: 40/45 MP: 7/7
  3386 | D:4      | Found a snail-covered altar of Cheibriados.
  3456 | D:4      | Reached skill level 6 in Fighting
  3596 | D:4      | Found an opulent altar of Gozag.
  3633 | D:5      | Entered Level 5 of the Dungeon
  3654 | D:5      | Identified a scroll of acquirement
  3655 | D:5      | Acquired the ring "Xilin" {rElec Str+6 Slay+2 SInv}
  3781 | D:5      | Reached skill level 5 in Maces & Flails
  3803 | D:5      | Noticed Eustachio
  3831 | D:5      | Killed Eustachio
  3832 | D:5      | Reached skill level 5 in Armour
  3832 | D:5      | Reached XP level 8. HP: 47/52 MP: 8/8
  3852 | D:5      | Found a glowing silver altar of Zin.
  3934 | D:5      | Reached skill level 5 in Shields
  4428 | D:6      | Reached skill level 7 in Fighting
  4485 | D:6      | Reached * piety under the Shining One
  4545 | D:6      | Found a basalt altar of Yredelemnul.
  4725 | D:6      | Reached skill level 8 in Fighting
  4725 | D:6      | Reached XP level 9. HP: 40/59 MP: 6/9
  4954 | D:6      | Found a shadowy altar of Dithmenos.
  5350 | D:6      | Found a sparkling altar of Nemelex Xobeh.
  5539 | D:7      | Found a hazy altar of Hepliaklqana.
  5582 | D:7      | Reached ** piety under the Shining One
  5594 | D:7      | Reached skill level 9 in Fighting
  5869 | D:7      | Noticed Menkaure
  5876 | D:7      | Killed Menkaure
  6156 | D:7      | Found a bloodstained altar of Trog.
  6412 | D:8      | Found a transporter.
  6425 | D:8      | Noticed Pikel
  6431 | D:8      | Killed Pikel
  6432 | D:8      | Reached skill level 10 in Fighting
  6432 | D:8      | Reached XP level 10. HP: 64/68 MP: 10/10
  6462 | D:8      | Found a transporter.
  6464 | D:8      | Found Saopp's Armour Emporium.
  6516 | D:8      | Identified the ring "Alozam" {rPois rN+ MP+9 Int-5}
  6631 | D:8      | Found Kueluwap's Assorted Antiques.
  6633 | D:8      | Noticed Maggie
  6661 | D:8      | Found Borph's Armour Boutique.
  6733 | D:8      | Killed Maggie
  6746 | D:8      | Bought a scroll labelled TOR FIMASAGE for 35 gold pieces
  6746 | D:8      | Bought a scroll labelled SIL AHELYH for 35 gold pieces
  6746 | D:8      | Bought a metallic orange potion for 31 gold pieces
  6813 | D:8      | Noticed Grum
  7050 | D:8      | Killed Grum
  7118 | D:8      | Found a sacrificial altar of Ru.
  7173 | D:8      | Found Lixtiwnu's Weapon Shop.
  7182 | D:8      | Bought a throwing net for 45 gold pieces
  7190 | D:8      | Found a hide-covered altar of Uskayaw.
  7583 | D:9      | Reached *** piety under the Shining One
  7585 | D:9      | Noticed a two-headed ogre
  7603 | D:9      | Killed a two-headed ogre
  7604 | D:9      | Reached skill level 11 in Fighting
  7604 | D:9      | Reached skill level 10 in Maces & Flails
  7652 | D:9      | Found Degriur's Assorted Antiques.
  7748 | D:9      | Found a staircase to the Orcish Mines.
  7748 | D:9      | Found an ancient bone altar of Kikubaaqudgha.
  7771 | D:9      | Reached XP level 11. HP: 68/74 MP: 11/11
  7839 | D:9      | Found a staircase to the Lair.
  7875 | D:9      | Found a burning altar of Makhleb.
  8149 | D:10     | Entered Level 10 of the Dungeon
  8435 | D:10     | Noticed a sixfirhy
  8572 | D:10     | Noticed Sonja
  8597 | Abyss:2  | Cast into level 2 of the Abyss (Sonja)
  8633 | Abyss:2  | Reached skill level 12 in Fighting
  8642 | Abyss:2  | Noticed a thrashing horror
  8647 | Abyss:2  | Noticed a thrashing horror
  8704 | Abyss:2  | Noticed a yellow draconian
  8722 | Abyss:2  | Noticed a large abomination
  8749 | Abyss:2  | Noticed a rakshasa
  8750 | Abyss:2  | Noticed a shadow demon
  8797 | Abyss:2  | Noticed a wretched star
  8823 | Abyss:2  | Found a corrupted altar of Lugonu.
  8849 | Abyss:2  | Noticed a large abomination
  8853 | Abyss:2  | Reached **** piety under the Shining One
  8856 | Abyss:2  | Noticed an ancient lich
  8871 | Abyss:2  | Noticed a thrashing horror
  8882 | Abyss:2  | Noticed a thrashing horror
  8886 | Abyss:2  | Found a corrupted altar of Lugonu.
  8888 | Abyss:2  | Killed from afar by an ancient lich

Illustrated notes

Levels and vault maps discovered:
D:1:      dpeg_arrival_tiny_c, layout_rooms
D:2:      layout_loops_ring
D:3:      layout_basic, regret_index_xom_buried_treasure,
          mainiacjoe_overflow_brackets, hellmonk_ecumenical_altar_heavens_door,
          uniq_sigmund, uniq_terence, uniq_robin
D:4:      layout_basic, okawaru_gym_becter, kennysheep_slug_shrine,
          lemuel_coloured_pillars_altar, hellmonk_sif_muna_bookshelves,
          minmay_temple_entry_offerings
D:5:      layout_basic, zin_treasury, uniq_eustachio
D:6:      layout_basic, mainiacjoe_overflow_surrounded_room,
          mainiacjoe_overflow_catwalk, marbit_many_paths, serial_aquarium,
          aquarium_bridge_island_small [aquarium_subvault_small_water,
          aquarium_subvault_window, aquarium_subvault_bridge,
          aquarium_subvault_bridge, aquarium_subvault_wall],
          aquarium_bridge_long_separate [aquarium_subvault_bridge,
          aquarium_subvault_wall, aquarium_subvault_bridge,
          aquarium_subvault_window, aquarium_subvault_bridge,
          aquarium_subvault_bridge], aquarium_window_2,
          aquarium_window_corridor_2, aquarium_window_2, aquarium_window_fake,
          aquarium_view_2a, aquarium_balcony_5b, aquarium_pool_corner
D:7:      layout_cave_pods, nzn_hepliaklqana_mist_gate, lemuel_tele_altar,
          uniq_menkaure
D:8:      gammafunk_steamed_eel, layout_loops_cross,
          mainiacjoe_overflow_small_starburst, hangedman_ru_absence,
          serial_shops, shop, kennysheep_little_box,
          nicolae_inconvenience_store, shop, uniq_grum, uniq_pikel, uniq_maggie
D:9:      layout_small_grid, mainiacjoe_overflow_chevrons,
          lightli_temple_of_fire, lair_entry_dummy, orc_0_dummy, serial_shops,
          shop
D:10:     layout_roguey, uniq_sonja
Temple:   hellmonk_temple_micro_hex
Abyss:2:  base: D:5, lemuel_flamethrower_2, spicy_abyss_planar_alliance

Skill      XL: |  1  2  3  4  5  6  7  8  9 10 11 |
---------------+----------------------------------+-----
Fighting       | 4 5 6 8 10 11 12 | 12.2
Maces & Flails | 3 4 5 6 8 10 11 | 11.0
Armour         | 4 5 7 8 |  8.9
Shields        | 4 5 |  5.5

Action                     |  1- 3 |  4- 6 |  7- 9 | 10-12 || total
---------------------------+-------+-------+-------+-------++-------
  Melee: Flail             |   144 |   190 |   291 |   262 ||   887
  Throw: Dart              |       |     4 |    12 |    29 ||    45
  Evoke: Wand              |       |       |       |     9 ||     9
    Use: Scroll            |       |     5 |     5 |    12 ||    22
         Potion            |       |     1 |       |     6 ||     7
 Armour: Ring mail         |   115 |   125 |   144 |   239 ||   623
         Scale mail        |     1 |    15 |       |       ||    16
  Dodge: Dodged            |    98 |    92 |   203 |   272 ||   665
  Block: Buckler           |    26 |    52 |    66 |    96 ||   240
